 Dungeon Crawl Stone Soup version 0.29.1-15-g9cfb28693d (webtiles) character file.

Game seed: 4475667733841359107

9 Artool the Trooper (level 2, 0/24 HPs)
             Began as a Demonspawn Fighter on Apr 6, 2023.
             Killed from afar by a dart slug (1 damage)
             ... with a slug dart
             ... on level 1 of the Dungeon.
             The game lasted 00:00:21 (310 turns).

Artool the Trooper (Demonspawn Fighter)              Turns: 310, Time: 00:00:22

Health: 0/24       AC:  6    Str: 16    XL:     2   Next: 3%
Magic:  2/2        EV:  8    Int:  9    God:
Gold:   16         SH:  4    Dex: 12    Spells: 1/1 levels left

rFire   . . .      SeeInvis .   a - +0 flail
rCold   . . .      Faith    .   c - +0 buckler
rNeg    . . .      Spirit   .   b - +0 scale mail
rPois   .          Reflect  .   (no helmet)
rElec   .          Harm     .   (no cloak)
rCorr   .          Rampage  .   (no gloves)
Will    .....                   (no boots)
Stlth   ..........              (no amulet)
HPRegen 0.08/turn               (no ring)
MPRegen 0.08/turn               (no ring)

@: no status effects
A: demonic touch 1
a: no special abilities


You were on level 1 of the Dungeon.
You visited 1 branch of the dungeon, and saw 1 of its levels.

You collected 16 gold pieces.

Inventory:

Hand Weapons
 a - a +0 flail (weapon)
Armour
 b - a +0 scale mail (worn)
 c - a +0 buckler (worn)
Scrolls
 g - a scroll of teleportation {unknown}
Potions
 d - a potion of might
 e - a potion of curing {unknown}
 f - a potion of mutation {unknown}


   Skills:
 + Level 3.1 Fighting
 + Level 2.0 Maces & Flails
 + Level 2.9 Armour
 - Level 2.6 Shields


You had one spell level left.
You didn't know any spells.
Your spell library was empty.

Dungeon Overview and Level Annotations

Branches:
Dungeon (1/15)

Altars:


Innate Abilities, Weirdness & Mutations

Your touch may inflict minor irresistible damage on your foes.


Message History

The dart slug launches a dart at you. The slug dart misses you.
The rat bites you. The dart slug bites you. The rat barely misses you.
The rat barely misses you. The dart slug bites you.
* * * LOW HITPOINT WARNING * * *
You block the rat's attack.
The dart slug bites you but does no damage.
The rat barely misses you. The rat bites you but does no damage.
The dart slug barely misses you. The rat barely misses you.
You block the dart slug's attack. You block the rat's attack.
The dart slug bites you.
* * * LOW HITPOINT WARNING * * *
The rat bites you but does no damage. The rat closely misses you.
The dart slug launches a dart at you. The slug dart hits you.
* * * LOW HITPOINT WARNING * * *
The rat bites you.
* * * LOW HITPOINT WARNING * * *
The dart slug closely misses you. The rat barely misses you. The rat bites you.
* * * LOW HITPOINT WARNING * * *
The dart slug bites you but does no damage.
You block the rat's attack. The dart slug barely misses you.
The rat closely misses you. You block the rat's attack.
The dart slug bites you but does no damage.
The rat barely misses you. The dart slug launches a dart at you.
The slug dart hits you but does no damage.
The rat barely misses you. The dart slug barely misses you.
The rat closely misses you. The rat closely misses you.
The dart slug bites you but does no damage.
The rat closely misses you. The dart slug launches a dart at you.
The slug dart hits you.
You die...

...........#.#
...........#.# +#
...........#.####.# #
######.....#.#....###.#
...........# +....#..>
........#### #......#
........# #....#
........# ####....#.#
........# #.....@w..#
........# #.#####r#..#
........###'### g[# #
........#.....# ....
#+####........# .....
#.........# ...>.#
#..##......# .....#
#... #....### .....#
#..#. ######


You could see a dart slug, a hobgoblin and a rat.

Vanquished Creatures
  An endoplasm (D:1)
  2 giant cockroaches (D:1)
  A kobold (D:1)
  2 ball pythons (D:1)
  A bat (D:1)
  A frilled lizard (D:1)
8 creatures vanquished.

Notes
Turn   | Place    | Note
-------+----------+-------------------------------------------
     0 | D:1      | Artool the Demonspawn Fighter began the quest for the Orb.
     0 | D:1      | Reached XP level 1. HP: 18/18 MP: 1/1
   231 | D:1      | Gained mutation: Your touch may inflict minor irresistible
                  | damage on your foes. [demonic ancestry]
   231 | D:1      | Reached XP level 2. HP: 24/24 MP: 2/2
   302 | D:1      | HP: 1/24 [rat (1)]
   310 | D:1      | Killed from afar by a dart slug

Illustrated notes

Levels and vault maps discovered:
D:1:      sevenhm_arrival_forest_fort_large_2, layout_basic,
          shapermc_ecumenical_altar_mp_ritualfount, st_stairs_10,
          grunt_decor_arrowhead, minmay_tripent

Skill      XL: |  1 |
---------------+----+-----
Maces & Flails | 2 |  2.0
Fighting       | |  3.1
Armour         | |  2.9
Shields        | |  2.6

Action                   || total
-------------------------++-------
Melee: Flail             ||    26
Armor: Scale mail        ||    28
Dodge: Dodged            ||    43
Block: Buckler           ||    14
